 Dungeon Crawl Stone Soup version 0.32-a0-995-gb4a59205af (webtiles) character file.

Game seed: 5148520675365159244

207319 greenreed the Slayer (level 18, 0/182 HPs)
             Began as a Minotaur Fighter on Apr 22, 2024.
             Was the Champion of Okawaru.
             Slain by a wolf spider (18 damage)
             ... on level 2 of the Spider Nest.
             The game lasted 01:33:17 (36578 turns).

greenreed the Slayer (Minotaur Fighter)            Turns: 36578, Time: 01:33:18

Health: 0/182      AC: 10    Str: 27 (28) XL:     18   Next: 9%
Magic:  24/24      EV:  4    Int:  3 (5)  God:    Okawaru [******]
Gold:   847        SH:  0    Dex: 12 (15) Spells: 17/17 levels left

rFire   . . .        W - +7 sceptre of Torment {pain, torment}
rCold   . . .        T - +5 Storm Queen's Shield {shock, Fly rElec}
rNeg    + . .        n - +1 scale mail {rPois}
rPois   +            Q - +2 hat
rElec   +            c - scarf {repulsion}
rCorr   .            C - +0 pair of gloves
SInv    .            (no boots)
Will    ++...        E - amulet of faith Stlth
                     R - ring "Ineunitu" {rN+ Dex+4}
HPRegen 0.50/turn    l - +4 ring of protection
MPRegen 0.19/turn

%: repel missiles, faith
@: corroded, flying, held
A: horns 2, retaliatory headbutt, iridescent scales 1, strong-willed 1,
electricity resistance, wild magic 1
}: 1/15 runes: barnacled
a: Renounce Religion, Heroism, Finesse, Duel


You were on level 2 of the Spider Nest.
You worshipped Okawaru.
Okawaru was exalted by your worship.
You visited 6 branches of the dungeon, and saw 29 of its levels.
You also visited: Gauntlet.

You collected 3094 gold pieces.
You spent 2247 gold pieces at shops.

Inventory:

Hand Weapons
 i - the +9 morningstar of Bitai {elec, rC+ Int+3}
   (You took it off an orc high priest on level 14 of the Dungeon)

   Int+3:     It affects your intelligence (+3).
   rC+:       It protects you from cold.
 B - a +3 sacred scourge of holy wrath
 W - the +7 sceptre of Torment (weapon) {pain, torment}
   (Okawaru gifted it to you on level 10 of the Dungeon)
Missiles
 a - 7 curare-tipped darts
 h - 2 darts of dispersal
 x - 2 throwing nets
 I - 6 atropa-tipped darts
 Y - 32 silver javelins (quivered)
Armour
 c - a scarf of repulsion (worn)
 n - a +1 scale mail of poison resistance (worn)
 o - the +1 chain mail of Warcheo {-Tele rC++ rN+ Int+2}
   (You found it on level 2 of the Dungeon)

   Int+2:     It affects your intelligence (+2).
   rC++:      It greatly protects you from cold.
   rN+:       It protects you from negative energy.
   -Tele:     It prevents most forms of teleportation.
 C - a +0 pair of gloves (worn)
 L - a +3 scale mail of willpower
 Q - a +2 hat (worn)
 S - a +2 plate armour of fire resistance
 T - the +5 Storm Queen's Shield (worn) {shock, Fly rElec}
   (You bought it in a shop on level 2 of the Orcish Mines)

   Shock:     When it blocks an attack, it may electrocute the attacker.
   This works even against foes who are a short distance away.
   rElec:     It insulates you from electricity.
   Fly:       It grants you flight.
Jewellery
 f - a ring of protection from cold
 l - a +4 ring of protection (right hand)
 s - a ring of positive energy
 E - an amulet of faith (around neck)
 M - a ring of resist corrosion
 R - the ring "Ineunitu" (left hand) {rN+ Dex+4}
   (You took it off a minotaur in a Gauntlet)

   [ring of positive energy]

   Dex+4:     It affects your dexterity (+4).
   rN+:       It protects you from negative energy.
 Z - a ring of fire
Wands
 j - a wand of light (4)
 u - a wand of roots (34)
 v - a wand of mindburst (5)
 y - a wand of flame (21)
 D - a wand of polymorph (11)
 H - a wand of paralysis (24)
Scrolls
 e - 3 scrolls of silence
 g - 6 scrolls of teleportation
 m - a scroll of acquirement {unknown}
 A - 3 scrolls of enchant armour
 F - 2 scrolls of blinking
 G - a scroll of revelation {unknown}
 K - a scroll of poison
 X - 4 scrolls of fear
Potions
 b - 8 potions of curing
 d - 5 potions of might
 k - a potion of brilliance {unknown}
 p - a potion of lignification {unknown}
 q - a potion of mutation
 r - 6 potions of haste
 t - 5 potions of invisibility
 w - 2 potions of berserk rage {unknown}
 z - 3 potions of enlightenment {unknown}
 J - 2 potions of ambrosia {unknown}
 N - a potion of cancellation {unknown}
 P - 2 potions of magic {unknown}
 U - a potion of heal wounds
Miscellaneous
 O - a lightning rod (4/4)
 V - a Gell's gravitambourine (2/2)


   Skills:
 * Level 21.0 Fighting
 - Level 16.0 Maces & Flails
 + Level 11.2 Throwing
 * Level 19.5 Armour
 + Level 15.4 Shields
 + Level 6.7 Necromancy
 + Level 10.5 Invocations


You had 17 spell levels left.
You didn't know any spells.
Your spell library contained the following spells:

 Spells                   Type           Power      Damage    Failure   Level
 Necrotise                Necr           20%        1d5       13%         1
 Fugue of the Fallen      Necr           5%         N/A       34%         3
 Vampiric Draining        Necr           5%         2d6       34%         3
 Blink                    Tloc           0%         N/A       95%         2
 Ensorcelled Hibernation  Hex/Ice        0%         N/A       95%         2
 Lesser Beckoning         Tloc           0%         N/A       95%         2
 Mercury Vapours          Alch/Air       0%         N/A       95%         2
 Momentum Strike          Conj/Tloc      0%         3d8       95%         2
 Curse of Agony           Necr           5%         N/A       96%         5
 Hailstorm                Conj/Ice       0%         3d5       99%         3
 Mephitic Cloud           Conj/Alch/Air  0%         N/A       99%         3
 Ozocubu's Armour         Ice            0%         N/A       99%         3
 Passwall                 Erth           0%         N/A       99%         3
 Swiftness                Air            0%         N/A       99%         3
 Volatile Blastmotes      Fire/Tloc      0%         2d10      99%         3
 Brom's Barrelling Bould  Conj/Erth      0%         2d3       100%        4
 Cause Fear               Hex            0%         N/A       100%        4
 Leda's Liquefaction      Alch/Erth      0%         N/A       100%        4
 Fireball                 Conj/Fire      0%         3d3       100%        5
 Freezing Cloud           Conj/Ice/Air   0%         6-21      100%        5
 Iskenderun's Battlesphe  Conj           0%         2d6       100%        5
 Lee's Rapid Deconstruct  Erth           0%         3d4*      100%        5
 Silence                  Hex/Air        0%         N/A       100%        5
 Conjure Ball Lightning   Conj/Air       0%         3x3d6     100%        6
 Permafrost Eruption      Ice/Erth       0%         2x4d1     100%        6
 Manifold Assault         Tloc           0%         N/A       100%        7
 Orb of Destruction       Conj           0%         9d5       100%        7
 Disjunction              Tloc           0%         N/A       100%        8
 Summon Ice Beast         Ice/Summ       Unusable   N/A       N/A         3
 Martyr's Knell           Necr/Summ      Unusable   N/A       N/A         4
 Sculpt Simulacrum        Ice/Alch       Unusable   N/A       N/A         6
 Dragon's Call            Summ           Unusable   N/A       N/A         9

Dungeon Overview and Level Annotations

Branches:
Dungeon (15/15)            Temple (1/1) D:4            Lair (5/5) D:10
 Shoals (4/4) Lair:3       Spider (2/4) Lair:2        Slime (0/5) Lair:4
    Orc (2/2) D:12            Elf (0/3) Orc:2        Vaults (0/5) D:14
 Depths (0/4) D:15        Gauntlet (visited)

Altars:
Ashenzari
Cheibriados
Dithmenos
Elyvilon
Fedhas
Gozag
Hepliaklqana
Kikubaaqudgha
Makhleb
Nemelex Xobeh
Okawaru
Qazlal
Ru
Sif Muna
Trog
Uskayaw
Vehumet
Wu Jian
Xom
Yredelemnul
Zin
The Shining One
Beogh

Shops:
D:3 (   D:4 *   D:7 *   Orc:1 :   Orc:2 [?**(

Annotations:
D:13 2 transporters, LadyBoffin's ghost, journeyman FoFi
D:14 1 runed translucent door
Spider:2 Arachne


Innate Abilities, Weirdness & Mutations

You have a pair of horns on your head.
You reflexively headbutt those who attack you in melee.
You are partially covered in iridescent scales. (AC +2)
You are strong-willed. (Will+)
You are resistant to electric shocks. (rElec)
Your spells are a little harder to cast, but a little more powerful.


Message History

The wolf spider attacks as it pursues you!
You block the wolf spider's attack. x2
You block the jumping spider's attack.
The jumping spider bites you but does no damage.
The wolf spider hits you.
* * * LOW HITPOINT WARNING * * *
You block the wolf spider's attack.
The jumping spider leaps!
You block the jumping spider's attack.
Your shield discharges, shocking the jumping spider!
You kill the jumping spider!
Okawaru accepts your kill.
The wolf spider attacks as it pursues you!
You block the wolf spider's attack.
Your shield discharges, shocking the wolf spider!
You block the wolf spider's attack.
Your shield discharges, shocking the wolf spider!
The jumping spider leaps!
The wolf spider hits you but does no damage.
You block the wolf spider's attack.
The jumping spider leaps!
You block the jumping spider's attack. The jumping spider closely misses you.
Arachne casts a spell.
Arachne blinks!
The jumping spider pounces on you.
* * * LOW HITPOINT WARNING * * *
You are caught in a web!
The jumping spider bites you but does no damage.
The wolf spider hits you!
* * * LOW HITPOINT WARNING * * *
The wolf spider barely misses you.
There is a web, spattered with blood here.
You see here a boomerang.
The web tears apart.
You block the jumping spider's attack. x2
You block the wolf spider's attack.
The wolf spider bites you but does no damage.
The jumping spider pounces on you!
* * * LOW HITPOINT WARNING * * *
You are caught in a web!
The jumping spider barely misses you.
Unknown command.
You feel much better. The wolf spider hits you!!
You die...

..# #.# #....#.. ...## #.#
##....s# ^ ....###.# ######
##..#s..#s. ......#.#
##.^..## #...†s...#.
......#.#
#......###/!.†#...^#
.##..)..#
####.......###sB.......
#...).^###........<##
#†.......#
###.).†.^.....#..###
#s°....... #.....†......@s#
#s........ #^...........s##
###.....#...
##...........s##
##..†.s......
###..........s#
#............
#.........†.###^.#..#......
##...#.#..H.##.............
#........#.##..#s.........
#...........##..##........
#..^.#.....#.##s.###.....#


You could see Arachne, 2 wolf spiders, a jumping spider and a tarantella.

Vanquished Creatures
  Polyphemus (Shoals:3)
  Gastronok (Lair:3)
  2 krakens
  Donald (Shoals:1)
  3 ghost moths (Spider:1)
  An angel (Shoals:4)
  2 very ugly things (D:14)
  A broodmother (Spider:2)
  The ghost of mitch45678 the Basher, a journeyman MDEn of Okawaru (D:12)
  Nessos (D:15)
  A dire elephant (D:15)
  A minotaur (Gauntlet)
  7 merfolk javelineers
  An ettin (Orc:2)
  10 merfolk impalers
  An entropy weaver (shapeshifter) (D:14)
  A great orb of eyes (D:15)
  10 hydras
  A vault guard (D:14)
  2 jorogumos
  An alligator snapping turtle (Shoals:3)
  9 boulder beetles
  An ogre mage (D:14)
  3 catoblepae
  A radroach (Spider:1)
  3 merfolk avatars
  7 centaur warriors
  8 merfolk aquamancers
  A dancing weapon (D:12)
  7 two-headed ogres
  A satyr (Shoals:4)
  14 death yaks
  2 demonic crawlers
  2 tengu warriors
  8 orc high priests
  6 skysharks
  Amaemon (D:8)
  3 pharaoh ants
  5 sea snakes
  A skeletal warrior (D:15)
  2 deep trolls
  3 cherubim (Shoals:4)
  4 orb spiders (Spider:2)
  A sun moth (Spider:2)
  20 harpies
  A steelbarb worm (Spider:2)
  5 orc knights
  A wolf spider zombie (D:15)
  2 lindwurms (Lair:4)
  2 obsidian bats (Orc:2)
  2 deep elf pyromancers
  7 wolf spiders
  A salamander (D:15)
  20 elephants
  9 fauns
  8 cyclopes
  22 manticores
  3 orc sorcerers
  8 ugly things
  A guardian serpent (Lair:5)
  3 meliai (Spider:2)
  11 merfolk sirens
  4 kobold blastminers (Orc:1)
  6 water nymphs
  Joseph (D:8)
  2 centaur zombies (D:15)
  10 black mambas
  14 cane toads
  A gargoyle (D:11)
  A kobold demonologist (D:13)
  An efreet (D:15)
  An orange demon (D:8)
  A torpor snail (Lair:2)
  An unseen horror (D:13)
  2 rime drakes
  An ice devil (Gauntlet)
  A redback zombie (D:15)
  2 tengu conjurers
  A freezing wraith (D:14)
  9 komodo dragons
  A queen bee (Gauntlet)
  21 merfolk
  3 red devils (D:11)
  6 wind drakes
  3 polar bears
  15 tarantellas
  7 trolls
  A raiju (shapeshifter) (D:14)
  28 blink frogs
  12 jumping spiders
  12 dream sheep
  3 hornets
  10 snapping turtles
  6 culicivoras
  52 yaks
  2 vampires
  3 slime creatures
  4 shadows
  7 wraiths
  9 wyverns
  7 water elementals
  5 steam dragons
  5 basilisks
  3 wargs
  28 redbacks
  3 vampire mosquitoes (D:11)
  Edmund (D:4)
  2 acid dragons
  29 water moccasins
  An ice beast (D:6)
  A sky beast (D:7)
  37 orc warriors
  3 black bears
  4 laughing skulls (Gauntlet)
  6 ogres
  4 wolves (Lair:2)
  5 boggarts (D:15)
  5 centaurs
  A phantom (D:6)
  5 kobold brigands
  A weeping skull (Gauntlet)
  15 bullfrogs
  2 gnoll sergeants
  2 scorpions
  8 wights
  11 killer bees
  5 electric eels
  A crimson imp (D:6)
  A howler monkey (D:10)
  4 hounds
  5 jellies
  A gnoll bouda (D:6)
  28 orc priests
  Natasha (twice) (D:2)
  Terence (D:2)
  A sleepcap (D:5)
  A boggart zombie (D:15)
  4 iguanas
  24 orc wizards
  15 gnolls
  4 adders
  4 white imps
  2 ufetubi (D:7)
  3 dart slugs
  67 orcs
  6 endoplasms
  10 hobgoblins
  13 jackals
  16 kobolds
  2 quokkas (D:1)
  7 ball pythons
  5 bats
  5 frilled lizards
  9 goblins
  7 rats
  3 tentacles
983 creatures vanquished.

Vanquished Creatures (others)
  3 fauns (Shoals:2)
  A jumping spider (Spider:2)
  2 orc wizards (Orc:2)
  9 tentacles
15 creatures vanquished.

Grand Total: 998 creatures vanquished

Notes
Turn   | Place    | Note
-------+----------+-------------------------------------------
     0 | D:1      | greenreed the Minotaur Fighter began the quest for the Orb.
     0 | D:1      | Reached XP level 1. HP: 19/19 MP: 0/0
   120 | D:1      | Reached XP level 2. HP: 27/27 MP: 1/1
   163 | D:1      | Reached skill level 4 in Fighting
   314 | D:1      | Reached XP level 3. HP: 33/33 MP: 2/2
   608 | D:2      | Found a sparkling altar of Nemelex Xobeh.
   683 | D:2      | Noticed Terence
   692 | D:2      | Killed Terence
   709 | D:2      | Reached XP level 4. HP: 37/41 MP: 3/3
   743 | D:2      | Noticed Natasha
   750 | D:2      | Killed Natasha
   830 | D:2      | Identified the +1 chain mail of Warcheo {-Tele rC++ rN+
                  | Int+2}
   905 | D:2      | Noticed Natasha
   916 | D:2      | Killed Natasha
  1349 | D:3      | Found a faded altar of an unknown god.
  1462 | D:3      | Reached skill level 5 in Fighting
  1462 | D:3      | Reached XP level 5. HP: 48/48 MP: 4/4
  1592 | D:3      | Found Banuym's Weapon Shop.
  2045 | D:4      | Noticed a black bear
  2052 | D:4      | Killed a black bear
  2053 | D:4      | Reached XP level 6. HP: 56/56 MP: 5/5
  2058 | D:4      | Found Xem Eleb's Assorted Antiques.
  2089 | D:4      | Identified the +0 robe of the Ant {Dex+8}
  2091 | D:4      | Found a staircase to the Ecumenical Temple.
  2093 | D:4      | Noticed Edmund
  2113 | D:4      | Killed Edmund
  2114 | D:4      | Reached skill level 6 in Fighting
  2114 | D:4      | Reached skill level 5 in Maces & Flails
  2130 | D:4      | Reached skill level 5 in Armour
  2239 | Temple   | Entered the Ecumenical Temple
  2283 | Temple   | Became a worshipper of Warmaster Okawaru
  2393 | D:4      | Reached skill level 5 in Shields
  2543 | D:4      | Found a glowing silver altar of Zin.
  2576 | D:4      | Reached XP level 7. HP: 63/63 MP: 6/6
  2717 | D:5      | Entered Level 5 of the Dungeon
  3133 | D:5      | Found a basalt altar of Yredelemnul.
  3188 | D:5      | Reached * piety under Okawaru
  3252 | D:5      | Reached skill level 7 in Fighting
  3730 | D:6      | Reached XP level 8. HP: 49/73 MP: 7/7
  3920 | D:6      | Found a stormy altar of Qazlal.
  4090 | D:6      | Reached ** piety under Okawaru
  4170 | D:6      | Found a burning altar of Makhleb.
  4181 | D:6      | Reached skill level 8 in Fighting
  4268 | D:7      | Noticed an angel
  4268 | D:7      | Found Puluczam's Hallowed Reliquary.
  4490 | D:7      | Bought a potion of heal wounds for 80 gold pieces
  4490 | D:7      | Bought a potion of curing for 48 gold pieces
  4827 | D:7      | Found a blossoming altar of Fedhas.
  4891 | D:7      | Reached skill level 9 in Fighting
  5031 | D:7      | Identified the +1 leather armour "Ygyminil" {rPois Dex+2}
  5138 | D:7      | Reached XP level 9. HP: 83/83 MP: 8/8
  5173 | D:7      | Found a sacrificial altar of Ru.
  5787 | D:8      | Found a glowing golden altar of the Shining One.
  5787 | D:8      | Noticed an orange demon
  5807 | D:8      | Killed an orange demon
  5807 | D:8      | Reached *** piety under Okawaru
  5809 | D:8      | Noticed Amaemon
  5824 | D:8      | Killed Amaemon
  5825 | D:8      | Reached skill level 10 in Fighting
  6046 | D:8      | Reached **** piety under Okawaru
  6047 | D:8      | Reached skill level 10 in Maces & Flails
  6254 | D:8      | Reached XP level 10. HP: 88/94 MP: 9/9
  6402 | D:8      | Noticed Joseph
  6426 | D:8      | Killed Joseph
  6427 | D:8      | Reached skill level 11 in Fighting
  6492 | D:8      | Reached ***** piety under Okawaru
  7650 | D:9      | Reached skill level 12 in Fighting
  7805 | D:9      | Received a gift from Okawaru
  7957 | D:9      | Found a hazy altar of Hepliaklqana.
  7979 | D:9      | Noticed a two-headed ogre
  7985 | D:9      | Killed a two-headed ogre
  7986 | D:9      | Reached skill level 1 in Throwing
  8144 | D:9      | Noticed a two-headed ogre
  8150 | D:9      | Killed a two-headed ogre
  8151 | D:9      | Reached XP level 11. HP: 105/105 MP: 10/10
  8244 | D:9      | Found a white marble altar of Elyvilon.
  8351 | D:10     | Entered Level 10 of the Dungeon
  8547 | D:10     | Received a gift from Okawaru
  8687 | D:10     | Noticed a death yak
  8698 | D:10     | Reached ****** piety under Okawaru
  8714 | D:10     | Killed a death yak
  8805 | D:10     | Found a staircase to the Lair.
  8819 | D:10     | Reached skill level 1 in Invocations
  8843 | D:10     | Identified the +1 robe of Absence {Will+ rCorr Dex+4}
  9181 | D:11     | Reached skill level 13 in Fighting
  9196 | D:11     | Received a gift from Okawaru
  9438 | D:11     | Found a gate leading to a gauntlet.
  9442 | Gauntlet | Entered a Gauntlet
  9442 | Gauntlet | Found a transporter.
  9442 | Gauntlet | Found a transporter.
  9446 | Gauntlet | Found a transporter.
  9455 | Gauntlet | Found a transporter.
  9476 | Gauntlet | Found a transporter.
  9484 | Gauntlet | Found a transporter.
  9484 | Gauntlet | Found a transporter.
  9484 | Gauntlet | Noticed a cacodemon
  9488 | Gauntlet | Found a transporter.
  9515 | Gauntlet | Found a transporter.
  9519 | Gauntlet | Noticed an arcanist
  9524 | Gauntlet | Found a transporter.
  9535 | Gauntlet | Found a transporter.
  9544 | Gauntlet | Found a transporter.
  9589 | Gauntlet | Found a transporter.
  9605 | Gauntlet | Found a transporter.
  9705 | Gauntlet | Found a transporter.
  9708 | Gauntlet | Noticed a fire crab
  9719 | Gauntlet | Found a transporter.
 10110 | Gauntlet | Identified the +10 broad axe of Unpleasantness {heavy, rN+
                  | Will+ Int+2}
 10110 | Gauntlet | Identified the ring "Ineunitu" {rN+ Dex+4}
 10110 | Gauntlet | Noticed a minotaur
 10126 | Gauntlet | Killed a minotaur
 10312 | D:11     | Received a gift from Okawaru
 10326 | D:11     | Reached skill level 10 in Armour
 10431 | D:11     | Acquired the +7 sceptre of Torment {pain, torment}
 10431 | D:11     | Received a gift from Okawaru
 10431 | D:11     | Found the +7 sceptre of Torment {pain, torment}
 10558 | D:11     | Noticed a boulder beetle
 10572 | D:11     | Killed a boulder beetle
 10573 | D:11     | Reached XP level 12. HP: 113/116 MP: 11/13
 10745 | D:11     | Reached skill level 10 in Shields
 10870 | D:11     | Noticed a two-headed ogre
 10878 | D:11     | Killed a two-headed ogre
 11312 | D:12     | Acquired the +1 hat "Sel Reme" {Int+9 Dex-5}
 11312 | D:12     | Received a gift from Okawaru
 11328 | D:12     | Received a gift from Okawaru
 11444 | D:12     | Found a staircase to the Orcish Mines.
 11518 | D:12     | Noticed a two-headed ogre
 11525 | D:12     | Killed a two-headed ogre
 11526 | D:12     | Reached skill level 14 in Fighting
 11571 | D:12     | Found a runed translucent door.
 11571 | D:12     | Found a shimmering altar of Xom.
 11571 | D:12     | Noticed mitch45678's ghost (journeyman MDEn)
 12183 | D:12     | Killed mitch45678's ghost
 12416 | D:13     | Noticed a centaur warrior
 12429 | D:13     | Killed a centaur warrior
 12767 | D:13     | Noticed LadyBoffin's ghost (journeyman FoFi)
 12767 | D:13     | Noticed a centaur warrior
 12777 | D:13     | Killed a centaur warrior
 12777 | D:13     | Received a gift from Okawaru
 12807 | D:13     | Noticed a centaur warrior
 12822 | D:13     | Killed a centaur warrior
 12910 | D:13     | Reached skill level 5 in Throwing
 13308 | D:13     | Found a transporter.
 13385 | D:13     | Found a transporter.
 13822 | D:14     | Noticed an eight-headed hydra
 13823 | D:14     | Noticed a catoblepas
 13823 | D:14     | Noticed a centaur warrior
 13832 | D:14     | Killed an eight-headed hydra
 13832 | D:14     | Received a gift from Okawaru
 13834 | D:14     | Noticed a boulder beetle
 13844 | D:14     | Killed a catoblepas
 13852 | D:14     | Killed a centaur warrior
 13867 | D:14     | Noticed a five-headed hydra
 13874 | D:14     | Killed a five-headed hydra
 13875 | D:14     | Reached XP level 13. HP: 82/125 MP: 15/15
 14035 | D:14     | Reached skill level 15 in Fighting
 14113 | D:14     | Found a runed translucent door.
 14249 | D:14     | Noticed a white very ugly thing
 14256 | D:14     | Identified the +9 morningstar of Bitai {elec, rC+ Int+3}
 14258 | D:14     | Noticed a red very ugly thing
 14266 | D:14     | Killed a white very ugly thing
 14266 | D:14     | Received a gift from Okawaru
 14282 | D:14     | Killed a red very ugly thing
 14287 | D:14     | Reached skill level 15 in Maces & Flails
 14296 | D:14     | Reached skill level 5 in Invocations
 14321 | D:14     | Identified the +1 leather armour of Insatiable Hunger {rN+
                  | Will+ Int+3}
 14323 | D:14     | Got the Quarto of the Sixfirhy and the Singularity
 14557 | D:14     | Found a runed translucent door.
 14907 | D:14     | Received a gift from Okawaru
 15157 | D:14     | Found a gate to the Vaults.
 15554 | D:15     | Entered Level 15 of the Dungeon
 15795 | D:15     | Received a gift from Okawaru
 15868 | D:15     | Reached skill level 16 in Fighting
 15868 | D:15     | Reached skill level 1 in Necromancy
 16082 | D:15     | Noticed a dire elephant
 16253 | D:15     | Noticed Nessos
 16262 | D:15     | Received a gift from Okawaru
 16263 | D:15     | Reached XP level 14. HP: 91/137 MP: 17/17
 16294 | D:15     | Killed Nessos
 16733 | D:15     | Received a gift from Okawaru
 17180 | D:15     | Found an ornate altar of the Wu Jian Council.
 17247 | D:15     | Found a staircase to the Depths.
 17625 | Lair:1   | Entered Level 1 of the Lair of Beasts
 17633 | Lair:1   | Received a gift from Okawaru
 18582 | Lair:1   | Received a gift from Okawaru
 18941 | Lair:2   | Reached skill level 17 in Fighting
 19454 | Lair:2   | Received a gift from Okawaru
 19483 | Lair:2   | Found a hole to the Spider Nest.
 20448 | Lair:3   | Found a staircase to the Shoals.
 20524 | Lair:3   | Noticed Gastronok
 20525 | Lair:3   | Found a shadowy altar of Dithmenos.
 20534 | Lair:3   | Killed Gastronok
 20534 | Lair:3   | Received a gift from Okawaru
 20859 | Lair:3   | Reached XP level 15. HP: 147/147 MP: 19/19
 21133 | Lair:4   | Found a staircase to the Slime Pits.
 21203 | Lair:4   | Received a gift from Okawaru
 21809 | Lair:4   | Gained mutation: You are partially covered in iridescent
                  | scales. (AC +2) [potion of mutation]
 21809 | Lair:4   | Gained mutation: Your body sometimes deteriorates upon
                  | taking damage. [potion of mutation]
 21809 | Lair:4   | Gained mutation: You are mostly covered in iridescent
                  | scales. (AC +4) [potion of mutation]
 21810 | Lair:4   | Lost mutation: Your body sometimes deteriorates upon taking
                  | damage. [potion of mutation]
 21810 | Lair:4   | Lost mutation: You are mostly covered in iridescent scales.
                  | (AC +4) [potion of mutation]
 21810 | Lair:4   | Gained mutation: You are strong-willed. (Will+) [potion of
                  | mutation]
 21810 | Lair:4   | Gained mutation: Your spells are a little harder to cast,
                  | but a little more powerful. [potion of mutation]
 21810 | Lair:4   | Gained mutation: You are resistant to electric shocks.
                  | (rElec) [potion of mutation]
 22212 | Lair:5   | Entered Level 5 of the Lair of Beasts
 22243 | Lair:5   | Received a gift from Okawaru
 22263 | Lair:5   | Reached skill level 18 in Fighting
 22780 | Lair:5   | Received a gift from Okawaru
 23526 | Orc:1    | Entered Level 1 of the Orcish Mines
 23542 | Orc:1    | Received a gift from Okawaru
 23803 | Orc:1    | Found Focvodd's Self-Improvement Boutique.
 23818 | Orc:1    | Bought a manual of Armour for 1280 gold pieces
 23915 | Orc:1    | Found a roughly hewn altar of Beogh.
 24306 | Orc:2    | Entered Level 2 of the Orcish Mines
 24325 | Orc:2    | Found Saanex's Antique Armour Shop.
 24336 | Orc:2    | Received a gift from Okawaru
 24530 | Orc:2    | Found a staircase to the Elven Halls.
 24973 | Orc:2    | Reached XP level 16. HP: 130/159 MP: 21/21
 25614 | Orc:2    | Found Gemischer's Assorted Antiques.
 25614 | Orc:2    | Found Jomip's Weapon Boutique.
 25615 | Orc:2    | Found Orukh's General Store.
 25621 | Orc:2    | Found Arehin's Magic Scroll Shop.
 25629 | Orc:2    | Bought the +5 Storm Queen's Shield {shock, Fly rElec} for
                  | 775 gold pieces
 25629 | Orc:2    | Found the +5 Storm Queen's Shield {shock, Fly rElec}
 25644 | Orc:2    | Bought a scroll of identify for 32 gold pieces
 25644 | Orc:2    | Bought a scroll of identify for 32 gold pieces
 25912 | Orc:1    | Received a gift from Okawaru
 26245 | Shoals:1 | Entered Level 1 of the Shoals
 26255 | Shoals:1 | Reached skill level 5 in Necromancy
 26258 | Shoals:1 | Reached skill level 19 in Fighting
 26260 | Shoals:1 | Reached skill level 15 in Armour
 26776 | Shoals:1 | Received a gift from Okawaru
 27402 | Shoals:1 | Noticed Donald
 27416 | Shoals:1 | Killed Donald
 27678 | Shoals:1 | Noticed a kraken
 27685 | Shoals:1 | Killed a kraken
 27852 | Shoals:2 | Noticed a kraken
 27862 | Shoals:2 | Killed a kraken
 27866 | Shoals:2 | Received a gift from Okawaru
 28658 | Shoals:2 | Reached skill level 10 in Throwing
 28905 | Shoals:2 | Received a gift from Okawaru
 29653 | Shoals:3 | Noticed Polyphemus
 29662 | Shoals:3 | Received a gift from Okawaru
 29669 | Shoals:3 | Killed Polyphemus
 29757 | Shoals:3 | Reached XP level 17. HP: 146/170 MP: 23/23
 29948 | Shoals:3 | Identified the +1 ring mail "Neopn" {-Tele rF+ Int+2}
 30723 | Shoals:4 | Entered Level 4 of the Shoals
 30737 | Shoals:4 | Reached skill level 20 in Fighting
 31045 | Shoals:4 | Found a white marble altar of Elyvilon.
 31185 | Shoals:4 | Received a gift from Okawaru
 31293 | Shoals:4 | Found the +0 cloak of the Thief {Quiet Slay-3 SInv Stlth+}
 32004 | Shoals:4 | Reached skill level 10 in Invocations
 32248 | Shoals:4 | Found a glowing silver altar of Zin.
 32253 | Shoals:4 | Received a gift from Okawaru
 32524 | Shoals:4 | Reached skill level 15 in Shields
 33244 | Shoals:4 | Got a barnacled rune of Zot
 33436 | Shoals:4 | Identified the +0 plate armour of Death's Door {rElec rCorr
                  | MP-9 Dex-4}
 33791 | Spider:1 | Entered Level 1 of the Spider Nest
 33856 | Spider:1 | Received a gift from Okawaru
 35552 | Spider:2 | Received a gift from Okawaru
 36202 | Spider:2 | Received a gift from Okawaru
 36203 | Spider:2 | Reached XP level 18. HP: 141/180 MP: 24/24
 36378 | Spider:2 | Reached skill level 21 in Fighting
 36548 | Spider:2 | Noticed Arachne
 36577 | Spider:2 | HP: 4/182 [jumping spider (11)]
 36578 | Spider:2 | Slain by a wolf spider

Illustrated notes

Levels and vault maps discovered:
D:1:      onia_arrival_pyramid, layout_loops_ring
D:2:      layout_basic, basic_altar, uniq_terence, uniq_natasha
D:3:      layout_basic, serial_shops, shop, nicolae_ecumenical_oubliette,
          serial_rivers, chequers_serial_rivers_micro_c,
          chequers_serial_rivers_micro_a, chequers_serial_rivers_large_a,
          chequers_serial_rivers_room_b, chequers_serial_rivers_small_3
D:4:      layout_basic, mainiacjoe_overflow_paths,
          minmay_temple_entry_sparse_star, serial_shops, shop, uniq_edmund
D:5:      layout_loops_corners, amcnicky_altar_gilded, grunt_tough_drop
D:6:      layout_rooms, makhleb_grotto_becter, nicolae_qazlal_general_emergency,
          minmay_misc_feat_tiny
D:7:      layout_rooms, mainiacjoe_overflow_tiny_flanked,
          mainiacjoe_overflow_alcove_4, nicolae_good_shop
D:8:      layout_loops_ring, mainiacjoe_overflow_concentric_impassable,
          nicolae_two_hexagons, kennysheep_generic_room_16, uniq_amaemon,
          uniq_joseph
D:9:      layout_basic, nicolae_elyvilon_temple_path,
          mainiacjoe_overflow_24_doors, minmay_fractal_squares_gapless_5
D:10:     layout_roguey, dpeg_lair_monsters
D:11:     layout_gridville, gauntlet_entry_generic,
          einodemon_armed_red_devil_minivault
D:12:     layout_irregular_city, erik_orc_3, serial_co_window_serial,
          co_window_corner_a, co_window_corner_a, co_window_paths_a,
          co_window_corner_a, co_window_paths_b, co_window_2corner,
          co_window_corner_ca, co_window_corner_b, co_window_paths_c,
          co_window_4corner_a, glass_columns_b, glass_columns_b,
          glass_columns_a, glass_columns_a, ebering_ghost_xom
D:13:     layout_stronghold, gammafunk_ghost_stat_death
D:14:     minmay_the_grid_triangle_9x9_rhombus_full_mashed
          [minmay_the_grid_triangle_9x9_wacky_v,
          minmay_the_grid_triangle_9x9_stretched_checkered,
          minmay_the_grid_triangle_9x9_from_above,
          minmay_the_grid_triangle_9x9_limited_checkers,
          minmay_the_grid_triangle_9x9_corruption,
          minmay_the_grid_triangle_9x9_minimal,
          minmay_the_grid_triangle_9x9_tough_junction,
          minmay_the_grid_triangle_9x9_prize_center], layout_rooms,
          david_vaults_4, chequers_jeans, serial_curves, eino_curves_01,
          eino_curves_01
D:15:     hangedman_depths_entry_try_elsewhere_first, layout_cave_pools,
          serial_undead, serial_undead_b, serial_undead_f, serial_undead_d,
          serial_undead_c, nicolae_wu_jian_immortal_techniques,
          grunt_ministairs_8, uniq_nessos
Temple:   oiseaux_autumnal_temple
Lair:1:   layout_cave_shapes
Lair:2:   dreamdust_cave_troll, layout_regular_city, dummy_spider_entry,
          chequers_serial_rivers_room_b, grunt_megastairs_3
Lair:3:   layout_regular_city, minmay_shoals_entry_beasts, basic_altar,
          uniq_gastronok
Lair:4:   layout_long_grid, slime_entry_2, nicolae_volcano_entry_vermiform,
          grunt_megastairs_2
Lair:5:   hangedman_lair_tendril_chambers, layout_regular_city,
          serial_bayou_pond_b, disabler_island
Shoals:1: layout_shoals, kb_tengu_band, uniq_donald
Shoals:2: layout_shoals, nicolae_shoals_former_cling_halls
Shoals:3: layout_shoals, uniq_polyphemus
Shoals:4: shoals_end_hellmonk_holy_island
Spider:1: layout_cave_pods
Spider:2: nicolae_spider_corner, drop_trap, nicolae_arachne_temple
Orc:1:    layout_caves, special_room [special_room_orc], nicolae_shop_self_help
Orc:2:    st_orc_mages, layout_caves, serial_shops, nicolae_shop_statue_plus

Skill      XL: |  1  2  3  4  5  6  7  8  9 10 11 12 13 14 15 16 17 18 |
---------------+-------------------------------------------------------+-----
Fighting       | 4 5 6 7 9 10 12 13 14 16 17 18 19 20 21 | 21.0
Maces & Flails | 3 4 5 7 8 10 12 13 14 15 16 | 16.0
Armour         | 4 5 6 7 9 10 11 12 14 17 19 | 19.5
Shields        | 4 5 6 7 9 10 11 12 13 14 15 | 15.4
Throwing       | 1 3 5 6 8 9 10 11 | 11.2
Invocations    | 2 4 5 7 8 9 10 | 10.5
Necromancy     | 1 3 4 5 6 |  6.7

Action                     |  1- 3 |  4- 6 |  7- 9 | 10-12 | 13-15 | 16-18 || total
---------------------------+-------+-------+-------+-------+-------+-------++-------
  Melee: Flail             |    81 |   104 |   221 |       |       |       ||   406
         Headbutt          |     6 |    13 |    43 |   160 |   224 |   180 ||   626
         Demon whip        |       |       |    28 |   641 |   267 |       ||   936
         Eveningstar       |       |       |       |       |   632 |   773 ||  1405
  Throw: Javelin           |       |       |       |       |     5 |     1 ||     6
 Invoke: Heroism           |       |       |     1 |     2 |     2 |     2 ||     7
         Finesse           |       |       |       |     1 |     1 |     1 ||     3
         Receive Weapon    |       |       |       |     1 |       |       ||     1
         Receive Armour    |       |       |       |     1 |       |       ||     1
  Evoke: Wand              |       |       |     6 |     8 |    10 |     1 ||    25
         Gell's gravitambo |       |       |       |       |     3 |       ||     3
    Use: Potion            |       |     1 |       |     1 |    11 |     6 ||    19
         Scroll            |       |       |       |    14 |    10 |     5 ||    29
   Stab: Petrified         |       |       |       |     4 |       |     3 ||     7
         Petrifying        |       |       |       |     1 |       |       ||     1
 Armour: Scale mail        |    58 |    83 |       |   139 |   484 |   729 ||  1493
         Chain mail        |       |     1 |   197 |   118 |       |       ||   316
  Dodge: Dodged            |    34 |    47 |    73 |    75 |   167 |   223 ||   619
         Repelled          |       |       |       |    25 |    14 |    43 ||    82
  Block: Buckler           |    24 |    28 |    53 |       |       |       ||   105
         Kite shield       |       |       |     7 |   159 |       |   751 ||   917
         Tower shield      |       |       |       |   185 |   890 |    77 ||  1152

Table legend: (Time is in decaauts)
 A = Elapsed time spent in this place.
 B = Non-inter-level travel time spent in this place.
 C = Inter-level travel time spent in this place.
 D = Time resting spent in this place.
 E = Time spent auto-exploring this place.
 F = Levels seen in this place.
 G = Mean time per level.
                   A        B        C        D        E       F      G
               +--------+--------+--------+--------+--------+-----+--------+
         Total |  36015 |  33990 |   2025 |   6009 |  22386 |  30 | 1200.5 |
       Dungeon |  16778 |  15887 |    891 |   2117 |  11124 |  15 | 1118.5 |
        Temple |     60 |      3 |     57 |      0 |      0 |   1 |   60.0 |
          Lair |   6033 |   5312 |    721 |    603 |   3842 |   5 | 1206.6 |
        Shoals |   7231 |   7027 |    204 |   1923 |   4157 |   4 | 1807.8 |
   Spider Nest |   2729 |   2634 |     95 |    827 |   1457 |   2 | 1364.5 |
  Orcish Mines |   2367 |   2312 |     55 |    538 |   1385 |   2 | 1183.5 |
      Gauntlet |    814 |    814 |      0 |      0 |    421 |   1 |  814.0 |
               +--------+--------+--------+--------+--------+-----+--------+

Top non-repeatable levels by time:
Shoals:3: 2556 daAuts
Spider:1: 2265 daAuts
    D:14: 1951 daAuts
Shoals:1: 1729 daAuts
    D:15: 1710 daAuts
    D:12: 1626 daAuts
Shoals:4: 1520 daAuts
     D:8: 1490 daAuts
Shoals:2: 1424 daAuts
    D:13: 1363 daAuts
   Orc:1: 1306 daAuts
  Lair:1: 1258 daAuts
  Lair:4: 1241 daAuts
  Lair:2: 1182 daAuts
  Lair:3: 1181 daAuts
